 Dungeon Sprint DCSS version 0.19-a0-1490-g5dd3618 (webtiles) character file.

618 poirepourri the Covert (level 7, -10/32 HPs)
             Began as a Spriggan Enchanter on Sept 8, 2016.
             Was an Initiate of Dithmenos.
             Shot with an arrow by a centaur warrior (18 damage)
             ... in the Dungeon (Sprint I: "Red Sonja").
             The game lasted 00:01:44 (385 turns).

poirepourri the Covert (Spriggan Enchanter)          Turns: 385, Time: 00:01:44

Health: -10/32     AC:  3    Str:  4    XL:     7   Next: 21%
Magic:  13/19      EV: 26    Int: 17    God:    Dithmenos [......]
Gold:   297        SH:  0    Dex: 18    Spells: 5 memorised, 10 levels left

rFire  . . .     SeeInvis +     a - +1 dagger
rCold  . . .     Gourm    .     b - +1 robe
rNeg   . . .     Faith    .     (shield restricted)
rPois  .         Spirit   .     (helmet restricted)
rElec  .         Dismiss  .     (no cloak)
rCorr  .         Reflect  .     (gloves unavailable)
MR     ++...     Harm     .     (boots unavailable)
Stlth  +++++++... NoTele   +    (no amulet)
                                (no ring)
                                i - ring of protection from magic

@: very slightly contaminated, very quick
A: unfitting armour, see invisible, herbivore 3, speed 3, slow metabolism 2
a: Renounce Religion


You were in the Dungeon.
You worshipped Dithmenos.
Dithmenos was noncommittal.
You were not hungry.

You visited 1 branch You collected 297 gold pieces.

Inventory:

Hand Weapons
 a - a +1 dagger (weapon)
Armour
 b - a +1 robe (worn)
Jewellery
 i - a ring of protection from magic (left hand)
Potions
 f - 2 potions of lignification {unknown}
 g - a potion of haste
 h - 2 potions of magic
Books
 c - a book of Maledictions

   Spells                             Type                      Level
   a - Corona                         Hexes                        1
   b - Ensorcelled Hibernation        Hexes/Ice                    2
   c - Confuse                        Hexes                        3
   d - Tukima's Dance                 Hexes                        3
   e - Dazzling Spray                 Conjuration/Hexes            3
Comestibles
 d - a bread ration


   Skills:
 + Level 1.3 Short Blades
 + Level 9.4 Dodging
 + Level 13.8 Stealth
 + Level 8.2 Spellcasting
 + Level 11.2 Hexes
 - Level 1.4 Ice Magic


You had 10 spell levels left.
You knew the following spells:

 Your Spells              Type           Power        Failure   Level  Hunger
a - Corona                Hex            #####..      1%          1    None
b - Ensorcelled Hibernat  Hex/Ice        ####..       1%          2    None
c - Confuse               Hex            #####...     1%          3    #......
d - Tukima's Dance        Hex            #####...     1%          3    #......
e - Dazzling Spray        Conj/Hex       ####..       3%          3    #......


Dungeon Overview and Level Annotations

Branches:
Dungeon (1/1)

Altars:
Cheibriados
Dithmenos
Elyvilon
Fedhas
Gozag
Hepliaklqana
Kikubaaqudgha
Makhleb
Nemelex Xobeh
Okawaru
Qazlal
Ru
Sif Muna
Trog
Uskayaw
Vehumet
Xom
Yredelemnul
Zin
The Shining One
Jiyva
Lugonu

Shops:
D [


Innate Abilities, Weirdness & Mutations

You are tiny and cannot use many weapons and most armour.
You have supernaturally acute eyesight. (SInv)
You are a herbivore.
You cover ground extremely quickly.
You need consume almost no food.


Message History

The arrow completely misses you.
The centaur warrior shoots an arrow.
The arrow hits you!
Ouch! That really hurt!
* * * LOW HITPOINT WARNING * * *
Casting: Ensorcelled Hibernation
Confirm with . or Enter, or press ? or * to list all spells.
Aiming: Ensorcelled Hibernation
Press: ? - help, Shift-Dir - straight line, f/p - centaur warrior
Aim: a centaur warrior, wielding a shortbow (chance to defeat MR: 39%)
The centaur warrior easily resists.
The centaur warrior shoots an arrow.
The arrow closely misses you.
Casting: Ensorcelled Hibernation
Confirm with . or Enter, or press ? or * to list all spells.
Aiming: Ensorcelled Hibernation
Press: ? - help, Shift-Dir - straight line, f/p - centaur warrior
Aim: a centaur warrior, wielding a shortbow (chance to defeat MR: 39%)
The centaur warrior easily resists.
The centaur warrior shoots an arrow.
The arrow hits you!!
Ouch! That really hurt!
You die...

###################
#<.#..'..#.)'(.#__#
#..)).#..'..#..'^.+
#..#####'#####@#__####
#..####..#...#(####§$#
#..#__####..##.#§§§c§#
#..#_____##'#..c§§≈§.+
#⌠⌠#_.∩...'..._#§c§§c#
####_..__##_.#+##+####
#_____###+# #######


You could see a centaur warrior.

Vanquished Creatures
  A slime creature (D)
  Sigmund (D)
  A yak (D)
  An ogre (D)
  A jelly (D)
  Ijyb (D)
6 creatures vanquished.

Notes
Turn   | Place    | Note
-------+----------+-------------------------------------------
     0 | D        | poirepourri the Spriggan Enchanter began the quest for the Orb.
     0 | D        | Reached XP level 1. HP: 9/9 MP: 5/5
     2 | D        | Noticed Ijyb
    36 | D        | Killed Ijyb
    36 | D        | Reached skill level 6 in Stealth
    36 | D        | Reached skill level 5 in Hexes
    36 | D        | Reached XP level 2. HP: 13/13 MP: 5/7
    56 | D        | Learned a level 2 spell: Ensorcelled Hibernation
    84 | D        | Noticed an ogre
    91 | D        | Killed an ogre
    91 | D        | Reached skill level 5 in Dodging
    91 | D        | Reached skill level 8 in Stealth
    91 | D        | Reached skill level 5 in Spellcasting
    91 | D        | Reached XP level 3. HP: 16/16 MP: 3/10
    91 | D        | Reached XP level 4. HP: 21/21 MP: 3/12
   162 | D        | Noticed Sigmund
   175 | D        | Killed Sigmund
   175 | D        | Reached skill level 11 in Stealth
   175 | D        | Reached skill level 1 in Ice Magic
   175 | D        | Reached XP level 5. HP: 24/24 MP: 12/14
   201 | D        | Found a deep blue altar of Sif Muna.
   203 | D        | Found a radiant altar of Vehumet.
   213 | D        | Reached XP level 6. HP: 24/28 MP: 8/16
   266 | D        | Learned a level 3 spell: Confuse
   270 | D        | Learned a level 3 spell: Tukima's Dance
   274 | D        | Learned a level 3 spell: Dazzling Spray
   289 | D        | Found Toirryunt's Armour Emporium.
   289 | D        | Found an ancient bone altar of Kikubaaqudgha.
   289 | D        | Found a hazy altar of Hepliaklqana.
   289 | D        | Found a stormy altar of Qazlal.
   289 | D        | Found a hide-covered altar of Uskayaw.
   289 | D        | Found a blossoming altar of Fedhas.
   289 | D        | Found a bloodstained altar of Trog.
   289 | D        | Found an iron altar of Okawaru.
   289 | D        | Found a basalt altar of Yredelemnul.
   289 | D        | Found a glowing golden altar of the Shining One.
   289 | D        | Found a snail-covered altar of Cheibriados.
   289 | D        | Found a sacrificial altar of Ru.
   289 | D        | Found a glowing silver altar of Zin.
   289 | D        | Found a shadowy altar of Dithmenos.
   289 | D        | Found a white marble altar of Elyvilon.
   289 | D        | Noticed a yak
   290 | D        | Found an opulent altar of Gozag.
   291 | D        | Killed a yak
   291 | D        | Reached skill level 12 in Stealth
   291 | D        | Reached skill level 10 in Hexes
   292 | D        | Found a sparkling altar of Nemelex Xobeh.
   300 | D        | Became a worshipper of Dithmenos the Shadowed
   318 | D        | Found a burning altar of Makhleb.
   318 | D        | Found a viscous altar of Jiyva.
   318 | D        | Found a shimmering altar of Xom.
   318 | D        | Found a corrupted altar of Lugonu.
   318 | D        | Noticed a slime creature
   334 | D        | Killed a slime creature
   334 | D        | Reached skill level 13 in Stealth
   334 | D        | Reached XP level 7. HP: 32/32 MP: 13/19
   371 | D        | Noticed a centaur warrior
   374 | D        | Noticed a centaur warrior
   385 | D        | Shot with an arrow by a centaur warrior

Vault maps used:
D:        dungeon_sprint_1

Skill      XL: |  1  2  3  4  5  6 |
---------------+-------------------+-----
Dodging        | 4 5 7 9 |  9.4
Stealth        | 6 8 11 13 | 13.8
Spellcasting   | 3 5 6 8 |  8.2
Hexes          | 5 7 9 11 | 11.2
Ice Magic      | 1 |  1.4
Short Blades   | |  1.3

Action                   |  1- 3 |  4- 6 |  7- 9 || total
-------------------------+-------+-------+-------++-------
Melee: Dagger            |    31 |    12 |       ||    43
 Cast: Corona            |     1 |       |       ||     1
       Ensorcelled Hiber |     2 |     4 |     3 ||     9
       Confuse           |       |     1 |       ||     1
  Use: Potion            |     2 |       |     1 ||     3
       Scroll            |       |       |     1 ||     1
 Stab: Sleeping          |     1 |     3 |       ||     4
       Confused          |       |     3 |       ||     3
Armor: Robe              |     3 |       |       ||     3
Dodge: Dodged            |    16 |     7 |     3 ||    26
